 Dungeon Crawl Stone Soup version 0.25-a0-24-g72dcfe0359 (webtiles) character file.

Game seed: 6446418628902547349, levelgen mode: deterministic

987 Monsterracer the Cleaver (level 7, 0/56 HPs)
             Began as a Minotaur Chaos Knight on Oct 17, 2019.
             Was a Plaything of Xom.
             Slain by a gnoll
             ... wielding a +1 halberd of chaos
              (1 damage)
             ... on level 4 of the Dungeon.
             The game lasted 00:05:43 (3513 turns).

Monsterracer the Cleaver (Minotaur Chaos Knight)    Turns: 3513, Time: 00:05:44

Health: 0/56       AC:  6    Str: 22    XL:     7   Next: 97%
Magic:  5/8        EV: 12    Int: 11    God:    Xom [..*...]
Gold:   271        SH:  4    Dex: 11    Spells: 6/6 levels left

rFire    . . .     SeeInvis .   a - +0 war axe
rCold    + + .     Gourm    .   h - +0 buckler
rNeg     . . .     Faith    .   n - +2 leather armour {rC+}
rPois    +         Spirit   .   (helmet restricted)
rElec    .         Reflect  .   r - scarf {cloud immunity}
rCorr    .         Harm     .   b - +0 pair of gloves
MR       .....     Clarity  +   s - +1 pair of boots
Stlth    +.........             g - amulet of rage
HPRegen  0.18/turn              d - +5 ring of strength
MPRegen  0.11/turn              C - ring of protection from cold

@: lightly drained
A: retaliatory headbutt, horns 2, clarity, clever 1, deformed body, frail 1,
sense surroundings 1, poison resistance
a: Renounce Religion, Evoke Berserk Rage


You were on level 4 of the Dungeon.
You worshipped Xom.
You were a toy of Xom.
You were very hungry.

You visited 1 branch of the dungeon, and saw 4 of its levels.

You collected 271 gold pieces.

Inventory:

Hand Weapons
 a - a +0 war axe (weapon)
   (You took it off an orc on level 4 of the Dungeon)
Armour
 b - a +0 pair of gloves (worn)
   (You found it on level 1 of the Dungeon)
 h - a +0 buckler (worn)
   (You took it off a kobold on level 3 of the Dungeon)
 n - a +2 leather armour of cold resistance (worn)
   (You took it off an orc on level 4 of the Dungeon)
 r - a scarf of cloud immunity (worn)
   (You found it on level 4 of the Dungeon)
 s - a +1 pair of boots (worn)
   (You found it on level 2 of the Dungeon)
Jewellery
 d - a +5 ring of strength (left hand)
   (You found it on level 1 of the Dungeon)
 g - an amulet of rage (around neck)
   (You found it on level 1 of the Dungeon)
 u - a +2 amulet of reflection {unknown}
   (You found it on level 2 of the Dungeon)
 y - a +4 amulet of reflection {unknown}
   (You found it on level 3 of the Dungeon)
 C - a ring of protection from cold (right hand)
   (You found it on level 2 of the Dungeon)
Wands
 q - a wand of flame (19)
   (You took it off a hobgoblin on level 2 of the Dungeon)
Scrolls
 f - a scroll of enchant armour {unknown}
 l - 2 scrolls of immolation {!r}
 t - 3 scrolls of teleportation {!r}
 v - 3 scrolls of magic mapping {unknown}
Potions
 e - a potion of curing
 i - 2 potions of mutation {!q}
 j - 2 potions of might {unknown}
 k - a potion of ambrosia {unknown}
 w - a potion of lignification
Comestibles
 c - 8 rations


   Skills:
 + Level 6.3(5.9) Fighting
 * Level 8.2(7.8) Axes
 - Level 2.4(2.1) Armour
 + Level 2.8(2.5) Dodging
 + Level 2.5(2.2) Shields
 + Level 3.3(3.0) Evocations


You had 6 spell levels left.
You didn't know any spells.
Your spell library was empty.

Dungeon Overview and Level Annotations

Branches:
Dungeon (4/15)
 Temple: D:4-7

Altars:
Elyvilon
Ru
Uskayaw
Xom

Annotations:
D:4 demivan's ghost, amateur FeBe


Innate Abilities, Weirdness & Mutations

You reflexively headbutt those who attack you in melee.
You have a pair of horns on your head.
You possess an exceptional clarity of mind.
Your mind is acute. (Int +2)
Armour fits poorly on your strangely shaped body.
You are frail. (-10% HP)
You passively map a small area around you.
Your system is resistant to poisons. (rPois)


Message History

Found a stone staircase leading up.
There is a stone staircase leading up here.
All of the chunks of flesh in your inventory have rotted away.
Partly explored, unvisited transporter.
Partly explored, unvisited transporter.
Partly explored, unvisited transporter.
Partly explored, unvisited transporter.
The gnoll shouts! x2
The gnoll shouts!
Demivan's ghost turns its malevolent gaze towards you.
You hear a shout!
Demivan's ghost ducks and says, "Too high!"
The gnoll shouts!
Demivan's ghost whispers, "Trust me.
Just give in."
The gnoll shouts!
You see here a chain mail.
There is a transporter here.
You enter the transporter and appear at another place.
The gnoll hits you.
You slash the gnoll!
The gnoll is severely wounded.
The gnoll hits you!
You barely miss the gnoll.
The gnoll is severely wounded.
The gnoll closely misses you. You furiously retaliate!
You headbutt the gnoll!
You kill the gnoll!
No target in view!
No target in view!
k - a metallic yellow potion A gnoll is nearby!
There is an open translucent door here.
A gnoll comes into view. It is wielding a +1 halberd of chaos.
The gnoll shouts! x2
The gnoll throws a throwing net.
The throwing net barely misses you.
You see here a throwing net {!f}.
Found a manual of Shields.
The gnoll hits you from afar with a +1 halberd of chaos!
You feel drained.
There is a transporter, spattered with blood here.
You enter the transporter and appear at another place.
You start resting.
You are feeling hungry.
You start resting.
Xom notices you.
A wave of violent energy washes through your body!
* * * LOW HITPOINT WARNING * * *
You are now a toy of Xom.
Unknown command.
You start resting.
Xom makes a sudden noise!
You hear a strangely pleasant explosion.
You start resting.
Demivan's ghost stares at you.
Demivan's ghost yells, "Who would have thought, even in death it is a pleasure to sever!"
Demivan's ghost wails.
The gnoll shouts!
Demivan's ghost keens inconsolably.
Demivan's ghost yells, "Who would have thought, even in death it is a pleasure to sever!"
Demivan's ghost says, "Missed me!"
Demivan's ghost says, "You will join me soon!"
Demivan's ghost whispers, "You will understand me better in a moment."
Demivan's ghost ducks and says, "Too high!"
Demivan's ghost lets out a mournful wail.
HP restored.
Press: ? - help, . - travel, g - get item You can't see that place. [Stash: a throwing net {!f}] [the floor.] Unknown command.
Unknown command.
You enter the shallow water.
Moving in this stuff is going to be slow.
Demivan's ghost wails, "You must not fail where I succeeded!"
There is a shimmering altar of Xom here.
You are feeling very hungry.
You see here a ring mail.
You see here a chain mail.
There is a transporter here.
You enter the transporter and appear at another place.
The gnoll hits you with a +0 spear. Demivan's ghost hits you!
The gnoll hits you from afar with a +1 halberd of chaos!
You feel your power leaking away. The gnoll closely misses you.
You furiously retaliate!
You headbutt the gnoll. You block the gnoll's attack.
The gnoll hits you with a +1 halberd of chaos.
The gnoll burns you. The gnoll closely misses you.
Unknown command.
You barely miss the gnoll. Your headbutt misses the gnoll.
The gnoll is moderately wounded.
You closely miss the gnoll. You barely miss the gnoll.
You closely miss demivan's ghost. The gnoll hits you with a +0 spear.
* * * LOW HITPOINT WARNING * * *
Demivan's ghost hits you!
* * * LOW HITPOINT WARNING * * *
The gnoll closely misses you.
The gnoll hits you with a +1 halberd of chaos!
* * * LOW HITPOINT WARNING * * *
Xom roars with laughter!
The gnoll freezes you.
You die...
Xom snickers!

#..≈≈≈≈≈≈≈≈≈≈≈...≈≈≈≈≈≈≈≈≈≈≈...
###..≈≈#####.....[.....#####≈≈...
.....≈≈#W..#.###.©.###.#...#≈≈...
.....≈≈#...###.#####©###...#≈≈...
.)...≈≈###........(......###≈≈[..
.....≈≈.8#.######'######.#8.≈≈...
.....≈≈.##.#.⌠.#..8#..$#.##.≈≈..[
.....≈≈.#..'...gWg⌠#:.$'..#.≈≈...
.....≈≈.##.#P⌠.#@g8#...#.##.≈≈.##
.....≈≈.8#.######g######.#8.≈≈...
.....≈≈###..,....gg......###≈≈.[.
..##.≈≈#...###.#####.###...#≈≈...
.###.≈≈#...#.###.©.###.#...#≈≈...
...#.≈≈#####...........#####≈≈...
.#...≈≈≈≈≈≈≈≈≈≈≈≈≈≈≈≈≈≈≈≈≈≈≈≈≈..#
.###.≈≈≈≈≈≈≈≈≈≈≈≈≈≈≈≈≈≈≈≈≈≈≈≈≈_##
.# #...........................##


You could see demivan's ghost and 6 gnolls.

Vanquished Creatures
  Grinder (D:3)
  Sigmund (D:2)
  2 ogres (D:4)
  A crimson imp (D:4)
  A hound (D:4)
  An orc priest (D:3)
  Natasha (thrice) (D:3)
  An orc wizard (D:4)
  A worker ant (D:4)
  An iguana (D:4)
  Robin (D:4)
  A worker ant zombie (D:4)
  6 adders (D:2 D:4 D:3)
  4 gnolls (D:2 D:4)
  A white imp (D:4)
  An ooze (D:1)
  3 worms (D:2 D:3 D:4)
  2 dart slugs (D:1)
  3 leopard geckos (D:1 D:2)
  10 orcs (D:4 D:3)
  3 ball pythons (D:1 D:2)
  2 giant cockroaches (D:1 D:3)
  17 goblins (D:1 D:2 D:3 D:4)
  8 hobgoblins (D:3 D:2 D:4)
  2 jackals (D:3)
  2 quokkas (D:4 D:3)
  8 bats (D:1 D:2 D:3)
  6 frilled lizards (D:2 D:4 D:3)
  5 kobolds (D:1 D:2 D:3)
  6 rats (D:1 D:3 D:2)
104 creatures vanquished.

Vanquished Creatures (others)
  5 plants (D:4)
5 creatures vanquished.

Grand Total: 109 creatures vanquished

Notes
Turn   | Place    | Note
-------+----------+-------------------------------------------
     0 | D:1      | Monsterracer the Minotaur Chaos Knight began the quest for
                  | the Orb.
     0 | D:1      | Reached XP level 1. HP: 19/19 MP: 0/0
    36 | D:1      | Reached skill level 4 in Axes
    53 | D:1      | Reached XP level 2. HP: 25/27 MP: 1/1
   500 | D:1      | Reached XP level 3. HP: 33/33 MP: 2/2
   680 | D:2      | XOM: potion effect (invisibility)
   737 | D:2      | Reached skill level 5 in Axes
   747 | D:2      | Reached XP level 4. HP: 36/41 MP: 3/3
   856 | D:2      | You fall into a shaft and drop 2 floors!
   876 | D:4      | Found a transporter.
   876 | D:4      | Found a transporter.
   900 | D:4      | Noticed an ogre
   909 | D:4      | Reached skill level 1 in Evocations
   910 | D:4      | XOM: potion effect (agility)
   910 | D:4      | HP: 16/41 [ogre/+0 giant club (25)]
   924 | D:4      | HP: 11/41 [adder (3)]
   931 | D:4      | Killed an ogre
   931 | D:4      | Reached skill level 6 in Axes
   931 | D:4      | Reached XP level 5. HP: 18/47 MP: 3/5
   933 | D:4      | HP: 17/70 [poisoned by an adder]
   933 | D:4      | Reached skill level 5 in Fighting
   938 | D:4      | HP: 11/48 [poisoned by an adder]
   939 | D:4      | XOM: divination: detect creatures
  1161 | D:4      | XOM: mild Tloc miscast
  1228 | D:4      | Noticed demivan's ghost (amateur FeBe)
  1247 | D:4      | XOM: harmless Air miscast
  1411 | D:4      | Reached XP level 6. HP: 52/56 MP: 6/6
  1541 | D:3      | Noticed Natasha
  1547 | D:3      | Killed Natasha
  1554 | D:3      | XOM: give mutations
  1554 | D:3      | Gained mutation: You passively map a small area around you.
                  | [Xom's mischief]
  1554 | D:3      | Gained mutation: You are frail. (-10% HP) [Xom's mischief]
  1554 | D:3      | Gained mutation: Armour fits poorly on your strangely
                  | shaped body. [Xom's mischief]
  1612 | D:3      | Noticed Natasha
  1620 | D:3      | Killed Natasha
  1620 | D:3      | Noticed Natasha
  1633 | D:3      | Killed Natasha
  1703 | D:3      | XOM: harmless Fire miscast
  1788 | D:2      | Noticed Sigmund
  1796 | D:2      | Killed Sigmund
  1796 | D:2      | Reached skill level 7 in Axes
  1796 | D:2      | Reached skill level 1 in Shields
  1796 | D:2      | Reached XP level 7. HP: 55/55 MP: 6/8
  1797 | D:2      | Found a white marble altar of Elyvilon.
  1918 | D:2      | XOM: give mutations
  1918 | D:2      | Gained mutation: Your system is resistant to poisons.
                  | (rPois) [Xom's grace]
  1918 | D:2      | Gained mutation: You possess an exceptional clarity of
                  | mind. [Xom's grace]
  1918 | D:2      | Gained mutation: Your mind is acute. (Int +2) [Xom's grace]
  2374 | D:3      | Found a sacrificial altar of Ru.
  2728 | D:4      | XOM: cloud trail
  2831 | D:4      | Found a hide-covered altar of Uskayaw.
  2933 | D:4      | Noticed Robin
  2937 | D:4      | Noticed Grinder
  2958 | D:3      | Killed Grinder
  2958 | D:3      | Reached skill level 8 in Axes
  3024 | D:4      | Killed Robin
  3070 | D:4      | XOM: scenery: create altars
  3306 | D:4      | XOM: mild Conj miscast
  3306 | D:4      | HP: 27/56 [something (9)]
  3361 | D:4      | XOM: noise
  3513 | D:4      | HP: 26/56 [gnoll/+0 spear (3)]
  3513 | D:4      | HP: 10/56 [demivan's ghost (16)]
  3513 | D:4      | HP: 1/56 [gnoll/+1 halberd of chaos (9)]
  3513 | D:4      | Slain by a gnoll

Levels and vault maps discovered:
D:1:      saegor_arrival_simple_d, layout_rooms, minmay_close_crescents
D:2:      layout_rooms, nicolae_overflow_crystal_walls, uniq_sigmund
D:3:      layout_rooms, nicolae_ru_awakened_eye, uniq_natasha
D:4:      layout_rooms, kennysheep_little_box, gammafunk_ghost_gnarly_gnolls,
          minmay_fire_ice_demons, uniq_robin, uniq_grinder

Skill      XL: |  1  2  3  4  5  6  7 |
---------------+----------------------+-----
Axes           | 4 5 6 7 8 |  8.2
Fighting       | 4 5 6 |  6.3
Evocations     | 1 2 3 |  3.3
Shields        | 1 2 |  2.5
Dodging        | 2 |  2.8
Armour         | |  2.4

Action                   |  1- 3 |  4- 6 |  7- 9 || total
-------------------------+-------+-------+-------++-------
Melee: Hand axe          |    50 |    21 |       ||    71
       Headbutt          |     9 |    15 |     9 ||    33
       War axe           |       |    54 |    71 ||   125
 Abil: Evoke Berserk Rag |       |     2 |     1 ||     3
  Use: Potion            |       |     1 |       ||     1
       Scroll            |       |       |    10 ||    10
 Stab: Invisible         |     3 |       |       ||     3
       Sleeping          |     1 |       |       ||     1
  Eat: Chunk             |       |     4 |     6 ||    10
Armor: Leather armour    |    12 |    19 |    24 ||    55
Dodge: Dodged            |    22 |    51 |    42 ||   115
Block: Buckler           |       |       |    11 ||    11

Table legend:
 A = Non-vault XP
 B = Vault XP
 C = Vault XP percentage of total XP
 D = Non-vault monster count
 E = Vault monster count
 F = Vault count percentage of total count
                 A         B        C        D         E       F
            +---------+---------+-------+---------+---------+-------
      Total |     772 |     639 |  45.3 |      82 |      22 |  21.2
            +---------+---------+-------+---------+---------+-------
        D:1 |      38 |       5 |  11.6 |      15 |       4 |  21.1
        D:2 |     100 |     223 |  69.0 |      21 |       1 |   4.5
        D:3 |     167 |     303 |  64.5 |      25 |       3 |  10.7
        D:4 |     467 |     108 |  18.8 |      21 |      14 |  40.0
            +---------+---------+-------+---------+---------+-------
